 Dungeon Crawl Stone Soup version 0.23-a0-175-g97aacdb306 (webtiles) character file.

46340 Banto the Spear-Bearer (level 14, -2/110 HPs)
             Began as a Demonspawn Abyssal Knight on Sept 17, 2018.
             Was the Champion of Lugonu.
             Slain by Kirke (14 damage)
             ... on level 13 of the Dungeon.
             The game lasted 00:39:55 (22298 turns).

Banto the Spear-Bearer (Demonspawn Abyssal Knight) Turns: 22298, Time: 00:39:56

Health: -2/110     AC:  0    Str: 17    XL:     14   Next: 4%
Magic:  0/22       EV: 20    Int: 14    God:    Lugonu [******]
Gold:   1459       SH:  0    Dex: 13    Spells: 12/13 levels left

rFire    . . .     SeeInvis .   (weapon currently unavailable)
rCold    + + .     Gourm    .   (shield currently unavailable)
rNeg     . . .     Faith    .   (armour currently unavailable)
rPois    .         Spirit   +   (helmet unavailable)
rElec    .         Reflect  .   (cloak currently unavailable)
rCorr    .         Harm     .   (gloves currently unavailable)
MR       +....                  (boots currently unavailable)
Stlth    +.........             g - amulet of Jealousy {Acrobat Fragile rC++}
HPRegen  0.28/turn              (ring currently unavailable)
MPRegen  0.36/turn              (ring currently unavailable)

@: about to teleport, pig-form, slowed
A: small, demonic guardian 2, evolution 1, magic shield, magic regeneration,
magic link
a: Depart the Abyss, Bend Space, Banish, Corrupt, Enter the Abyss, Brand Weapon
With Distortion, Renounce Religion


You were on level 13 of the Dungeon.
You worshipped Lugonu.
Lugonu was exalted by your worship.
You were not hungry.
You were a filthy swine.
You visited 3 branches of the dungeon, and saw 20 of its levels.
You visited the Abyss 1 time.
You also visited: Ice Cave.

You collected 1642 gold pieces.
You spent 183 gold pieces at shops.

Inventory:

Hand Weapons
 D - a +1 battleaxe
 K - a +3 trident (melded)
Missiles
 p - 2 javelins (quivered)
Armour
 b - a +2 pair of gloves (melded)
 t - a +1 cloak (melded)
 C - the +2 scale mail "Xoyduj Nicoi" (melded) {*Corrode rC+ Regen+ Int+2}
   (You found it on level 9 of the Dungeon)

   It affects your intelligence (+2).
   It protects you from cold.
   It increases your rate of regeneration.
   It may corrode you when you take damage.
Jewellery
 g - the amulet of Jealousy (around neck) {Acrobat Fragile rC++}
   (You found it on level 6 of the Lair of Beasts)

   [amulet of the acrobat]

   It helps you evade while moving and waiting.
   It greatly protects you from cold.
   It will be destroyed if unequipped.
 u - a ring of fire (melded)
 E - a +4 ring of protection (melded)
 J - an uncursed ring of resist corrosion
Wands
 m - a wand of enslavement (10)
 n - a wand of scattershot (14)
 x - a wand of iceblast (23)
 I - a wand of digging (9)
Scrolls
 e - 3 scrolls of fear
 h - a scroll of silence
 j - 2 scrolls of amnesia
 k - 5 scrolls of teleportation
 o - 7 scrolls of magic mapping
 s - 15 scrolls of remove curse
 w - 5 scrolls of enchant weapon
 y - a scroll of blinking
 G - a scroll of identify
 M - 2 scrolls of enchant armour
 N - a scroll of fog
Potions
 a - a potion of mutation
 d - 3 potions of agility
 f - 6 potions of might
 i - 2 potions of curing
 l - 7 potions of heal wounds
 q - 3 potions of brilliance
 r - a potion of invisibility
 v - 4 potions of cancellation
 z - 4 potions of resistance
 B - 3 potions of haste
 F - a potion of berserk rage
 L - 2 potions of ambrosia
Miscellaneous
 A - a phial of floods (inert)
 H - a lamp of fire (inert)
Comestibles
 c - 49 rations
 O - 2 chunks of flesh


   Skills:
 - Level 10.0 Fighting
 + Level 13.5 Polearms
 - Level 10.0 Armour
 + Level 9.0 Dodging
 - Level 6.0 Necromancy
 - Level 11.0 Invocations


You had 12 spell levels left.
You knew the following spells:

 Your Spells              Type           Power        Failure   Level  Hunger
a - Animate Skeleton      Necr           N/A          2%          1    ##.....

Your spell library contained the following spells:

 Spells                   Type           Power        Failure   Level  Hunger
 Pain                     Necr           ###.         2%          1    ##.....
 Corpse Rot               Necr           N/A          3%          2    ###....
 Vampiric Draining        Necr           ###.......   7%          3    ####...
 Animate Dead             Necr           N/A          24%         4    #####..
 Regeneration             Chrm/Necr      #.........   26%         3    ####...
 Confusing Touch          Hex            #.....       28%         1    ##.....
 Corona                   Hex            #......      28%         1    ##.....
 Freeze                   Ice            #...         28%         1    ##.....
 Magic Dart               Conj           #...         28%         1    ##.....
 Blink                    Tloc           N/A          41%         2    ###....
 Call Imp                 Summ           #.......     41%         2    ###....
 Ensorcelled Hibernation  Hex/Ice        #.....       41%         2    ###....
 Searing Ray              Conj           #.....       41%         2    ###....
 Slow                     Hex            #.......     41%         2    ###....
 Throw Frost              Conj/Ice       #.....       41%         2    ###....
 Confuse                  Hex            #.......     65%         3    ####...
 Conjure Flame            Conj/Fire      #.......     65%         3    ####...
 Dazzling Spray           Conj/Hex       #.....       65%         3    ####...
 Gell's Gravitas          Tloc           #.........   65%         3    ####...
 Mephitic Cloud           Conj/Pois/Air  #.......     65%         3    ####...
 Ozocubu's Armour         Chrm/Ice       #.......     65%         3    ####...
 Portal Projectile        Hex/Tloc       #.....       65%         3    ####...
 Stone Arrow              Conj/Erth      #.....       65%         3    ####...
 Tukima's Dance           Hex            #.......     65%         3    ####...
 Force Lance              Conj/Tloc      #.......     96%         4    #####..
 Fulminant Prism          Conj/Hex       #.........   96%         4    #####..
 Iskenderun's Mystic Bla  Conj           #.......     96%         4    #####..
 Leda's Liquefaction      Hex/Erth       #.........   96%         4    #####..
 Petrify                  Tmut/Erth      #.......     96%         4    #####..
 Summon Ice Beast         Ice/Summ       #.......     96%         4    #####..
 Throw Icicle             Conj/Ice       #.......     96%         4    #####..
 Metabolic Englaciation   Hex/Ice        #.........   100%        5    ######.
 Summon Forest            Summ/Tloc      #.........   100%        5    ######.
 Yara's Violent Unravell  Hex/Tmut       #.........   100%        5    ######.
 Dispersal                Tloc           #.........   100%        6    #######
 Hydra Form               Tmut           #.........   100%        6    #######
 Summon Hydra             Summ           #.........   100%        7    #######
 Controlled Blink         Tloc           N/A          100%        8    #######
 Disjunction              Tloc           #.........   100%        8    #######


Dungeon Overview and Level Annotations

Branches:
Dungeon (13/15)            Temple (1/1) D:5            Lair (6/6) D:10
 Shoals (0/4) Lair:2        Snake (0/4) Lair:4        Slime (0/5) Lair:5
    Orc (0/2) D:11
 Vaults: D:13-14

Altars:
Ashenzari
Cheibriados
Dithmenos
Elyvilon
Fedhas
Gozag
Hepliaklqana
Kikubaaqudgha
Makhleb
Nemelex Xobeh
Okawaru
Qazlal
Ru
Sif Muna
Trog
Uskayaw
Vehumet
Wu Jian
Xom
Yredelemnul
Zin
The Shining One
Lugonu

Shops:
D:5 *   D:6 ?   D:10 (

Annotations:
D:7 2 transporters, Ojipeip's ghost, novice TrFi
D:13 Kirke
Lair:3 exclusion: 4 oklob plants
Abyss:1 Ijyb


Innate Abilities, Weirdness & Mutations

((You have a pair of large antennae on your head. (SInv)))
((You are partially covered in thin metallic scales. (AC +2)))
((Your flesh is cold resistant. (rC+)))
A demonic guardian rushes to your aid.
When hurt, damage is shared between your health and your magic reserves.
You regenerate magic rapidly.
When low on magic, you restore magic in place of health.
You evolve.


Message History

You turn into a filthy swine.
Your +3 trident melds into your body.
Your +1 cloak melds into your body.
Your +2 pair of gloves melds into your body.
The +2 scale mail "Xoyduj Nicoi" {*Corrode rC+ Regen+ Int+2} melds into your Your ring of fire melds into your body.
Your +4 ring of protection melds into your body.
The sphinx hits you!
* * * LOW HITPOINT WARNING * * *
The sphinx hits you.
* * * LOW HITPOINT WARNING * * *
The sphinx hits you.
* * * LOW HITPOINT WARNING * * *
You take 5 damage, and have 19/110 hp.
You now have 7/22 mp.
As you read the scroll of teleportation, it crumbles to dust.
You feel strangely unstable.
The sphinx casts a spell.
Something smites you!
* * * LOW HITPOINT WARNING * * *
Something hits you!!
You die...

#.# #.# #.# #.#
######+### ####.######
#........####.........#
#....%...##...........#
#......Z.#..#..........
#.....hH.'.##.........#
#........########%#####
#........# #.##
##'####### #..# # ##.#
#.## #..# ########'##
#.^.......#


You could see a sphinx and a friendly ugly thing skeleton.

Vanquished Creatures
  Snorg (Lair:6)
  2 hydras
  An anaconda (Lair:6)
  A two-headed ogre (D:9)
  6 death yaks
  A swamp dragon (Lair:6)
  An ugly thing (D:13)
  4 elephants (Lair:3)
  3 ice statues (IceCv)
  A torpor snail (Lair:3)
  A black mamba (Lair:3)
  5 spiny frogs
  A freezing wraith (Lair:2)
  10 komodo dragons
  3 rime drakes
  2 trolls (D:12)
  9 polar bears
  A raiju (Lair:6)
  A dream sheep (Lair:6)
  8 blink frogs
  5 hippogriffs
  2 acid dragons
  A wyvern (D:12)
  7 yaks
  A basilisk (Lair:5)
  2 hogs (D:13)
  A steam dragon (Lair:6)
  A hungry ghost (D:11)
  3 wargs (Lair:6)
  Edmund (D:4)
  2 soldier ants (D:9)
  16 water moccasins
  3 porcupines
  13 hell hounds (Lair:6)
  5 orc warriors
  7 ice beasts
  8 black bears
  2 sky beasts
  10 wolves
  2 ogres
  6 centaurs
  9 crocodiles
  2 big kobolds
  A wyvern zombie (D:6)
  6 bullfrogs
  A gnoll sergeant (D:7)
  6 scorpions
  5 wights (D:11)
  An electric eel (D:9)
  3 howler monkeys
  2 crimson imps (D:5)
  A centaur zombie (D:7)
  3 bullfrog zombies
  4 centaur skeletons
  3 hounds
  5 orc priests
  Crazy Yiuf (D:6)
  5 jellies
  6 orc wizards
  6 iguanas
  A hell rat (Lair:2)
  A killer bee zombie (D:5)
  9 worker ants
  Robin (D:2)
  2 worker ant zombies
  11 gnolls
  14 adders
  An ooze (D:2)
  2 adder skeletons (D:6)
  2 worms
  3 dart slugs (D:1)
  4 leopard geckos
  32 orcs
  3 ball pythons
  6 giant cockroaches
  13 hobgoblins
  16 kobolds
  2 quokkas
  7 bats
  7 frilled lizards
  16 goblins
  A jackal skeleton (D:4)
  A quokka skeleton (D:5)
  8 rats
393 creatures vanquished.

Vanquished Creatures (collateral kills)
  Josephine (Lair:4)
  A fire dragon (Lair:6)
  2 hydras
  A two-headed ogre (D:9)
  6 death yaks
  2 wizards (D:7)
  Pikel (D:6)
  An orc sorcerer (D:7)
  2 ugly things (IceCv)
  2 elephants (Lair:3)
  An ice statue (Lair:2)
  A gargoyle (D:11)
  A centaur zombie (D:10)
  5 black mambas
  2 rime drakes
  6 spiny frogs
  4 komodo dragons
  5 polar bears
  Prince Ribbit (D:6)
  5 blink frogs
  A hornet (D:11)
  6 hippogriffs
  5 yaks
  Sigmund (D:4)
  A hog (D:13)
  4 wraiths (Lair:4)
  3 basilisks
  A steam dragon (Lair:6)
  A warg (Lair:6)
  3 hell hounds (Lair:6)
  A porcupine (Lair:5)
  3 water moccasins
  A swamp drake (Lair:6)
  4 black bears (Lair:6)
  5 ice beasts
  An orc warrior (D:8)
  A phantom (D:12)
  A sky beast (D:6)
  3 ogres
  6 wolves (Lair:6)
  4 crocodiles
  2 centaurs
  A big kobold (D:12)
  A bullfrog (D:12)
  A crimson imp (D:11)
  A gnoll shaman (D:5)
  An orc priest (D:8)
  A hound (D:8)
  A jelly (D:11)
  An orc wizard (D:8)
  Jessica (D:2)
  4 hell rats (Lair:2)
  A gnoll (D:5)
  A worm (D:5)
  8 orcs
  2 kobolds (D:12)
  5 fungi
  5 plants (Lair:6)
143 creatures vanquished.

Vanquished Creatures (others)
  A slave (D:6)
  A bullfrog (D:6)
  A water moccasin zombie (D:6)
  A hound (D:6)
  An adder (D:6)
  3 fungi
  10 plants
18 creatures vanquished.

Grand Total: 554 creatures vanquished

Notes
Turn   | Place    | Note
-------+----------+-------------------------------------------
     0 | Abyss:1  | Banto the Demonspawn Abyssal Knight began the quest for the
                  | Orb.
     0 | Abyss:1  | Reached XP level 1. HP: 18/18 MP: 2/2
    33 | Abyss:1  | Found a corrupted altar of Lugonu.
    70 | Abyss:1  | Found a corrupted altar of Lugonu.
    84 | D:1      | Escaped the Abyss
   179 | D:1      | Reached skill level 2 in Polearms
   284 | D:1      | Gained mutation: A weak demonic guardian rushes to your
                  | aid. [demonic ancestry]
   284 | D:1      | Reached XP level 2. HP: 12/24 MP: 4/4
   618 | D:1      | Reached ** piety under Lugonu
   682 | D:1      | Gained mutation: You have a pair of small antennae on your
                  | head. [demonic ancestry]
   682 | D:1      | Reached XP level 3. HP: 25/29 MP: 5/5
  1108 | D:2      | Noticed Jessica
  1114 | D:2      | Killed Jessica
  1114 | D:2      | Reached skill level 3 in Polearms
  1440 | D:2      | Reached XP level 4. HP: 17/35 MP: 6/6
  1896 | D:2      | Noticed Robin
  2021 | D:2      | Killed Robin
  2021 | D:2      | Reached skill level 4 in Polearms
  2234 | D:2      | Found a burning altar of Makhleb.
  2418 | D:3      | Gained mutation: When hurt, damage is shared between your
                  | health and your magic reserves. [demonic ancestry]
  2418 | D:3      | Reached XP level 5. HP: 30/41 MP: 8/8
  2549 | D:3      | Reached *** piety under Lugonu
  3524 | D:3      | Found a radiant altar of Vehumet.
  3671 | D:4      | Noticed an ogre
  3678 | D:4      | Killed an ogre
  3678 | D:4      | Reached skill level 5 in Invocations
  3678 | D:4      | Gained mutation: You have a pair of antennae on your head.
                  | [demonic ancestry]
  3678 | D:4      | Reached XP level 6. HP: 47/47 MP: 9/9
  3778 | D:4      | Noticed Sigmund
  3840 | D:4      | Killed Sigmund
  3840 | D:4      | Reached skill level 5 in Polearms
  4173 | D:4      | Noticed Edmund
  4194 | D:4      | Killed Edmund
  4271 | D:4      | Gained mutation: You regenerate magic rapidly. [demonic
                  | ancestry]
  4271 | D:4      | Reached XP level 7. HP: 20/52 MP: 4/11
  4478 | D:4      | Reached skill level 6 in Polearms
  4949 | D:4      | Noticed Ijyb
  5254 | D:4      | Banished Ijyb
  5379 | D:5      | Entered Level 5 of the Dungeon
  6103 | D:5      | Reached skill level 7 in Polearms
  6260 | D:5      | Found a staircase to the Ecumenical Temple.
  6272 | D:5      | Found Nakk's Assorted Antiques.
  6292 | D:5      | Bought a scroll labeled JYFUIG GURUGG for 28 gold pieces
  6292 | D:5      | Bought an amethyst potion for 25 gold pieces
  6292 | D:5      | Bought a bubbling amethyst potion for 25 gold pieces
  6308 | Temple   | Entered the Ecumenical Temple
  6471 | D:5      | Reached **** piety under Lugonu
  6471 | D:5      | Gained mutation: A demonic guardian rushes to your aid.
                  | [demonic ancestry]
  6471 | D:5      | Reached XP level 8. HP: 28/58 MP: 8/13
  7056 | D:6      | Noticed Pikel
  7060 | D:6      | Killed Pikel
  7082 | D:6      | Found a runed door.
  7086 | D:6      | Noticed Crazy Yiuf
  7094 | D:6      | Killed Crazy Yiuf
  7183 | D:6      | Noticed Prince Ribbit
  7191 | D:6      | Killed Prince Ribbit
  7191 | D:6      | Reached skill level 8 in Polearms
  7528 | D:6      | Found Guxzum's Magic Scroll Shoppe.
  7531 | D:6      | Bought a scroll of identify for 30 gold pieces
  7531 | D:6      | Bought a scroll of remove curse for 45 gold pieces
  7531 | D:6      | Bought a scroll of identify for 30 gold pieces
  7597 | D:6      | Found a sacrificial altar of Ru.
  7597 | D:6      | Found an iron altar of Okawaru.
  7948 | D:7      | Noticed a wizard
  7948 | D:7      | Noticed a wizard
  7952 | D:7      | Noticed an orc sorcerer
  8224 | D:7      | Killed an orc sorcerer
  8224 | D:7      | Reached skill level 9 in Polearms
  8224 | D:7      | Gained mutation: When low on magic, you restore magic in
                  | place of health. [demonic ancestry]
  8224 | D:7      | Reached XP level 9. HP: 57/63 MP: 13/16
  8253 | D:7      | Killed a wizard
  8262 | D:7      | Killed a wizard
  8262 | D:7      | Reached skill level 10 in Polearms
  8262 | D:7      | Reached skill level 10 in Invocations
  8901 | D:7      | Found a transporter.
  8902 | D:7      | Noticed Ojipeip's ghost (novice TrFi)
  9323 | D:7      | Found a transporter.
  9331 | D:7      | You fall through a shaft!
  9331 | D:8      | Found an ancient bone altar of Kikubaaqudgha.
  9332 | D:8      | Found a basalt altar of Yredelemnul.
  9726 | D:8      | Found a stormy altar of Qazlal.
  9730 | D:8      | Found a deep blue altar of Sif Muna.
  9730 | D:8      | Found a blossoming altar of Fedhas.
  9731 | D:8      | Found a shimmering altar of Xom.
  9794 | D:8      | Reached XP level 10. HP: 54/70 MP: 15/18
  9953 | D:8      | Reached skill level 11 in Polearms
 10414 | D:8      | Found a sparkling altar of Nemelex Xobeh.
 10684 | D:9      | Noticed a two-headed ogre
 10695 | D:9      | Killed a two-headed ogre
 10993 | D:9      | Noticed a two-headed ogre
 11005 | D:9      | Killed a two-headed ogre
 11052 | D:9      | Got a pitted scale mail
 11576 | D:9      | Identified the +2 scale mail "Xoyduj Nicoi" {*Corrode rC+
                  | Regen+ Int+2} (You found it on level 9 of the Dungeon)
 11589 | D:10     | Entered Level 10 of the Dungeon
 11672 | D:10     | Found Ruituf's Weapon Shoppe.
 11911 | D:10     | Reached ***** piety under Lugonu
 11963 | D:10     | Found a staircase to the Lair.
 12208 | D:11     | Reached skill level 5 in Fighting
 12214 | D:11     | Reached skill level 12 in Polearms
 12480 | D:11     | Found a staircase to the Orcish Mines.
 12634 | D:11     | Found a frozen archway.
 12640 | D:11     | Gained mutation: Your flesh is cold resistant. (rC+)
                  | [demonic ancestry]
 12640 | D:11     | Reached XP level 11. HP: 81/81 MP: 19/19
 12655 | IceCv    | Entered an ice cave
 12682 | IceCv    | Reached skill level 5 in Armour
 12713 | IceCv    | Noticed a white ugly thing
 12723 | IceCv    | Killed a white ugly thing
 12740 | IceCv    | Noticed a white ugly thing
 13032 | IceCv    | Killed a white ugly thing
 13666 | Lair:1   | Entered Level 1 of the Lair of Beasts
 13896 | Lair:1   | Noticed a six-headed hydra
 13909 | Lair:1   | Killed a six-headed hydra
 15065 | Lair:2   | Found a staircase to the Shoals.
 15544 | Lair:2   | Gained mutation: You evolve. [potion of mutation]
 15544 | Lair:2   | Gained mutation: Your system is resistant to poisons.
                  | (rPois) [potion of mutation]
 15568 | Lair:2   | Gained mutation: You are partially covered in thin metallic
                  | scales. (AC +2) [demonic ancestry]
 15568 | Lair:2   | Reached XP level 12. HP: 88/95 MP: 18/20
 15747 | Lair:3   | Noticed a death yak
 15753 | Lair:3   | Killed a death yak
 15783 | Lair:3   | Reached ****** piety under Lugonu
 15881 | Lair:3   | Noticed a four-headed hydra
 15888 | Lair:3   | Killed a four-headed hydra
 16467 | Lair:3   | Reached skill level 10 in Fighting
 16485 | Lair:3   | Reached skill level 1 in Dodging
 16856 | Lair:4   | Learned a level 1 spell: Animate Skeleton
 16908 | Lair:4   | Found a staircase to the Snake Pit.
 16956 | Lair:4   | Reached skill level 1 in Necromancy
 17009 | Lair:4   | Noticed a death yak
 17010 | Lair:4   | Noticed a death yak
 17010 | Lair:4   | Noticed a death yak
 17014 | Lair:4   | Noticed a death yak
 17018 | Lair:4   | Noticed a death yak
 17035 | Lair:4   | Killed a death yak
 17042 | Lair:4   | Killed a death yak
 17050 | Lair:4   | Killed a death yak
 17057 | Lair:4   | Killed a death yak
 17059 | Lair:4   | Killed a death yak
 17307 | Lair:4   | Noticed Josephine
 17319 | Lair:4   | Killed Josephine
 17830 | Lair:5   | Reached skill level 10 in Armour
 18019 | Lair:5   | Reached skill level 5 in Dodging
 18071 | Lair:5   | Noticed an eight-headed hydra
 18081 | Lair:5   | Killed an eight-headed hydra
 18081 | Lair:5   | Reached skill level 5 in Necromancy
 18081 | Lair:5   | Gained mutation: You have a pair of large antennae on your
                  | head. (SInv) [demonic ancestry]
 18081 | Lair:5   | Reached XP level 13. HP: 103/103 MP: 21/21
 18473 | Lair:5   | Found a staircase to the Slime Pits.
 18555 | Lair:5   | Lost mutation: Your system is resistant to poisons. (rPois)
                  | [evolution]
 18752 | Lair:6   | Entered Level 6 of the Lair of Beasts
 18752 | Lair:6   | Noticed Snorg
 19023 | Lair:6   | Killed Snorg
 20098 | Lair:6   | Reached skill level 13 in Polearms
 20124 | Lair:6   | Got a clouded garnet amulet
 20804 | Lair:6   | Noticed a fire dragon
 20829 | Lair:6   | Killed a fire dragon
 20992 | Lair:6   | Identified the amulet of Jealousy {Acrobat Fragile rC++}
                  | (You found it on level 6 of the Lair of Beasts)
 21242 | D:12     | Found a shattered altar of Ashenzari.
 21754 | D:12     | Reached XP level 14. HP: 70/110 MP: 16/22
 22200 | D:13     | Noticed Kirke
 22279 | D:13     | Noticed a sphinx
 22298 | D:13     | Slain by Kirke

Vault maps used:
D:1:      dpeg_arrival_water_altar
D:2:      overflow_temple_1_default, uniq_robin, uniq_jessica
D:3:      nicolae_overflow_crystal_walls, first_ration, lightli_corner_chamber
D:4:      sigmund_edmund_badplayer, uniq_ijyb
D:5:      temple_fountains, serial_shops, nicolae_shop_overgrown_old_shop,
          uniq_edmund
D:6:      amethyst_overflow_temple_binary, serial_shops, shop, uniq_pikel,
          uniq_crazy_yiuf_cottage, uniq_prince_ribbit1
D:7:      cheibrodos_wizards_tower, gammafunk_ghost_mausoleum
D:8:      minmay_goldmine, grunt_temple_overflow_open, kennysheep_mini_moat
D:9:      hangedman_pestilent_swarm, serial_bayou_pond_b
D:10:     grunt_lair_entry_orc_guard_hut, serial_shops, nicolae_shop_stone,
          hangedman_decor_points
D:11:     orc_0_dummy, portal_ice_cave_rime, serial_bayou_crossing
D:12:     basic_altar
D:13:     erik_vaults_2, serial_shops, shop, uniq_sonja, uniq_kirke
Temple:   kb_corrupted_temple
Lair:1:   infiniplex_staircase_pool_2
Lair:2:   elwin_shoals_entry_rocks, ice2_lemuel, lemuel_fruit_tree
Lair:3:   minmay_lair_oklob_chamber, infiniplex_staircase_pool
Lair:4:   minmay_snake_entry_six_corridors, serial_bayou_shore_b, uniq_josephine
Lair:5:   slime_dummy, serial_bayou_shore_b, grunt_megastairs_5
Lair:6:   hangedman_lair_caniforms_friends, guppyfry_lair_end_dragon, uniq_snorg
IceCv:    ice_cave_statue_garden_chambered

Skill      XL: |  1  2  3  4  5  6  7  8  9 10 11 12 13 14 |
---------------+-------------------------------------------+-----
Polearms       | 2 3 4 5 7 9 10 12 13 | 13.5
Invocations    | 3 4 5 6 7 9 10 11 | 11.0
Armour         | 4 8 10 | 10.0
Fighting       | 5 9 10 | 10.0
Dodging        | 5 8 9 |  9.0
Necromancy     | 5 6 |  6.0

Action                   |  1- 3 |  4- 6 |  7- 9 | 10-12 | 13-15 || total
-------------------------+-------+-------+-------+-------+-------++-------
Melee: Spear             |   127 |   247 |   506 |  1442 |    14 ||  2336
       Trident           |       |       |       |       |   899 ||   899
 Cast: Animate Skeleton  |       |       |       |    12 |    58 ||    70
Invok: Banish            |       |       |     1 |       |       ||     1
Evoke: Wand              |       |       |    11 |    11 |     1 ||    23
       Lamp of fire      |       |       |       |       |     1 ||     1
       Phial of floods   |       |       |       |       |     1 ||     1
  Use: Scroll            |     7 |     4 |     4 |    11 |     3 ||    29
       Potion            |       |     5 |       |     2 |     2 ||     9
 Stab: Sleeping          |     1 |     4 |     4 |       |       ||     9
       Distracted        |       |     1 |       |     5 |     9 ||    15
  Eat: Chunk             |     2 |     9 |    16 |    29 |    18 ||    74
       Ration            |       |       |       |     1 |       ||     1
Armor: Leather armour    |    29 |       |       |       |       ||    29
       Ring mail         |    12 |    46 |   116 |    20 |       ||   194
       Skin              |       |    11 |       |       |       ||    11
       Scale mail        |       |       |       |   555 |   401 ||   956
Dodge: Dodged            |    46 |    64 |   145 |   400 |   512 ||  1167

Table legend:
 A = Non-vault XP
 B = Vault XP
 C = Vault XP percentage of total XP
 D = Non-vault monster count
 E = Vault monster count
 F = Vault count percentage of total count
                 A         B        C        D         E       F
            +---------+---------+-------+---------+---------+-------
      Total |   40444 |   25756 |  38.9 |     355 |     173 |  32.8
            +---------+---------+-------+---------+---------+-------
        D:1 |      44 |       0 |   0.0 |      25 |       0 |   0.0
        D:2 |      85 |      61 |  41.8 |      17 |      14 |  45.2
        D:3 |     126 |       0 |   0.0 |      30 |       0 |   0.0
        D:4 |     225 |     327 |  59.2 |       9 |       3 |  25.0
        D:5 |     622 |       0 |   0.0 |      28 |       0 |   0.0
        D:6 |     578 |     492 |  46.0 |      16 |       3 |  15.8
        D:7 |     763 |    1482 |  66.0 |      16 |       3 |  15.8
        D:8 |     917 |     374 |  29.0 |      19 |      11 |  36.7
        D:9 |     904 |     919 |  50.4 |       6 |       6 |  50.0
       D:10 |    1023 |     415 |  28.9 |      13 |       4 |  23.5
       D:11 |    2501 |     491 |  16.4 |      26 |       2 |   7.1
       D:12 |    3079 |       0 |   0.0 |      37 |       0 |   0.0
       D:13 |     523 |     524 |  50.0 |       1 |       3 |  75.0
     Lair:1 |    3269 |       0 |   0.0 |      16 |       0 |   0.0
     Lair:2 |    2127 |    2110 |  49.8 |      13 |      11 |  45.8
     Lair:3 |    6254 |     618 |   9.0 |      24 |       3 |  11.1
     Lair:4 |    3212 |    2131 |  39.9 |       8 |      21 |  72.4
     Lair:5 |    4501 |    1194 |  21.0 |      16 |       6 |  27.3
     Lair:6 |    9691 |   12507 |  56.3 |      35 |      72 |  67.3
      IceCv |       0 |    2111 | 100.0 |       0 |      11 | 100.0
            +---------+---------+-------+---------+---------+-------

Table legend:
 A = Turns spent in this place as a percentage of turns spent in the entire game.
 B = Non-inter-level travel turns spent in this place as a percentage of non-inter-level travel turns spent in the entire game.
 C = Inter-level travel turns spent in this place as a percentage of turns spent in this place.
 D = Turns resting spent in this place as a percentage of non-inter-level travel turns spent in this place.
 E = Turns spent auto-exploring this place as a percentage of non-inter-level travel turns spent in this place.
 F = Non-inter-level travel turns spent in this place divided by the number of levels of this place that you've seen.
                   A       B       C       D       E      F
               +-------+-------+-------+-------+-------+----------------------
         Total | 100.0 | 100.0 |   4.8 |  26.0 |  40.8 | 965.3
       Dungeon |  63.8 |  63.9 |   4.7 |  33.3 |  39.0 | 1043.3
        Temple |   0.5 |   0.5 |  20.0 |   0.0 |  92.7 |  96.0
          Lair |  33.3 |  33.2 |   4.9 |  12.9 |  46.7 | 1175.2
         Abyss |   0.4 |   0.4 |   0.0 |   0.0 |   0.0 |  84.0
      Ice Cave |   2.0 |   2.1 |   0.0 |  20.5 |   0.0 | 443.0
               +-------+-------+-------+-------+-------+----------------------

Table legend:
 A = Kills in this place as a percentage of kills in entire the game.
 B = Kills by you in this place as a percentage of kills by you in the entire game.
 C = Kills by friends in this place as a percentage of kills by friends in the entire game.
 D = Other kills in this place as a percentage of other kills in the entire game.
 E = Experience gained in this place as a percentage of experience gained in the entire game.
 F = Experience gained in this place divided by the number of levels of this place that you have seen.
                   A       B       C       D       E      F
               +-------+-------+-------+-------+-------+----------------------
         Total | 100.0 | 100.0 | 100.0 | 100.0 | 100.0 | 3009.1
       Dungeon |  55.3 |  62.6 |  33.1 | 100.0 |  24.9 | 1267.3
          Lair |  42.6 |  35.9 |  63.2 |   0.0 |  71.9 | 7935.7
      Ice Cave |   2.1 |   1.5 |   3.8 |   0.0 |   3.2 | 2111.0
               +-------+-------+-------+-------+-------+----------------------
